 Dungeon Crawl Stone Soup version 0.29.1-12-g30fa7ad0bf (webtiles) character file.

Game seed: 17018835218473439216

3 venomsnake the Trooper (level 1, -1/24 HPs)
             Began as an Ogre Berserker on Dec 16, 2022.
             Was a Follower of Trog.
             Slain by a rat (3 damage)
             ... on level 1 of the Dungeon.
             The game lasted 00:00:23 (175 turns).

venomsnake the Trooper (Ogre Berserker)              Turns: 175, Time: 00:00:23

Health: -1/24      AC:  3    Str: 20    XL:     1   Next: 50%
Magic:  1/1        EV: 10    Int:  8    God:    Trog [*.....]
Gold:   44         SH:  0    Dex:  8    Spells: 0/0 levels left

rFire   . . .      SeeInvis .     - Unarmed
rCold   . . .      Faith    .   (no shield)
rNeg    . . .      Spirit   .   a - +0 animal skin
rPois   .          Reflect  .   (helmet restricted)
rElec   .          Harm     .   (no cloak)
rCorr   .          Rampage  .   (gloves unavailable)
Will    .....                   (boots unavailable)
Stlth   +.........              (no amulet)
HPRegen 0.08/turn               (no ring)
MPRegen 0.07/turn               (no ring)

@: no status effects
A: large, unfitting armour, tough skin 1
a: Renounce Religion, Berserk


You were on level 1 of the Dungeon.
You worshipped Trog.
Trog was aware of your devotion.
You visited 1 branch of the dungeon, and saw 1 of its levels.

You collected 44 gold pieces.

Inventory:

Armour
 a - a +0 animal skin (worn)
Scrolls
 b - 3 scrolls of identify {unknown}
 c - a scroll of enchant armour {unknown}


   Skills:
 + Level 4.1 Fighting
 + Level 2.7 Dodging
 + Level 2.7 Unarmed Combat


You couldn't memorise any spells.
You didn't know any spells.
Your spell library was empty.

Dungeon Overview and Level Annotations

Branches:
Dungeon (1/15)

Altars:


Innate Abilities, Weirdness & Mutations

You are too large for most types of armour.
You have tough skin. (AC +1)


Message History

You now have 44 gold pieces (gained 12).
A rat comes into view.
The rat moves out of view.
A rat and a hobgoblin come into view.
Found 2 blue potions.
The hobgoblin shouts!
You hear an angry hiss.
A ball python comes into view.
The rat bites you. The rat bites you. The rat misses you.
The ball python barely misses you. The rat attacks as you move away!
The rat barely misses you.
The ball python attacks as you move away!
The ball python closely misses you. The hobgoblin barely misses you.
The hobgoblin misses you. The rat barely misses you.
The ball python bites you but does no damage.
The rat bites you but does no damage. The hobgoblin closely misses you.
The ball python barely misses you.
The ball python bites you but does no damage.
The hobgoblin hits you. The rat bites you but does no damage.
The ball python misses you. The hobgoblin hits you. The rat barely misses you.
The ball python barely misses you. The rat barely misses you.
The hobgoblin closely misses you. The ball python closely misses you.
The hobgoblin hits you. The rat bites you but does no damage.
The ball python completely misses you. The hobgoblin closely misses you.
The ball python barely misses you. The rat bites you but does no damage.
The ball python bites you. The rat bites you. The hobgoblin hits you.
* * * LOW HITPOINT WARNING * * *
The ball python closely misses you. The hobgoblin hits you.
* * * LOW HITPOINT WARNING * * *
The rat bites you.
* * * LOW HITPOINT WARNING * * *
The ball python bites you.
* * * LOW HITPOINT WARNING * * *
The hobgoblin closely misses you.
The rat twitches its whiskers.
The rat bites you.
You die...

.....+### #.#
........###.#
.......#...#
..!...#...#
#....#...#
#....###.#
....
#####....# #.#
#.8.8.#
#...Srg..###.#
#..8...
#....@.......#
#.8.8..
#........#####
#......
#........#
#.###.⌠
#.!......#
#.+.#..
#........#
#.#<#..
#........#
#.'.#..
.........#
#.###.⌠
..........#
#......
#.8.8..


You could see a hobgoblin, a ball python and a rat.

Vanquished Creatures
  A goblin (D:1)
  A hobgoblin (D:1)
  A bat (D:1)
3 creatures vanquished.

Notes
Turn   | Place    | Note
-------+----------+-------------------------------------------
     0 | D:1      | venomsnake the Ogre Berserker began the quest for the Orb.
     0 | D:1      | Reached XP level 1. HP: 24/24 MP: 1/1
   174 | D:1      | HP: 1/24 [ball python (1)]
   175 | D:1      | Slain by a rat

Illustrated notes

Levels and vault maps discovered:
D:1:      ncdulo_halloftheorcs, layout_basic, ebering_ecumenical_altar_petrified

Action                   || total
-------------------------++-------
Melee: Unarmed           ||     9
Armor: Animal skin       ||     7
Dodge: Dodged            ||    23
